Map: Orbital Shipyard

Players

IIIIIIIIIIII - Winner!

  • Race: Terran Terran

ALexN

  • Race: Terran Terran

VOD

Have the link to the VOD?

Description

Time

  • Played on: Jan. 28, 2016, 10:14 a.m.
  • Length: 9:22
Show
View Real Time Build Order
Export as new Build Order

IIIIIIIIIIII Terran - Winner!

Build Orders: 1/1/1, Liberator Opening, Mech 

Get SALT Encoding   

  12  0:00  SCV  
  13  0:12  SCV  
  14  0:17  Supply Depot  
  14  0:26  Refinery  
  14  0:27  SCV  
  15  0:41  Barracks  
  15  0:45  SCV  
  16  0:57  SCV  
  17  1:09  SCV  
  18  1:21  SCV  
  19  1:29  Factory  
  19  1:33  Refinery  
  19  1:34  Orbital Command  
  19  1:37  Supply Depot  
  19  1:48  Barracks Reactor  
  19  2:00  SCV  
  20  2:12  SCV  
  20  2:15  Starport, Hellion  
  23  2:24  SCV  
  23  2:26  Supply Depot  
  23  2:27  Marine x2  
  26  2:36  Hellion, SCV  
  29  2:45  Liberator  
  29  3:00  SCV  
  29  3:04  Supply Depot  
  29  3:05  Factory Tech Lab  
  33  3:06  Marine x2  
  33  3:12  SCV  
  36  3:19  Engineering Bay  
  36  3:24  Marine x2  
  38  3:28  Cyclone  
  38  3:33  Supply Depot  
  41  3:41  Marine  
  41  3:42  SCV, Marine  
  44  3:50  Viking  
  46  3:57  Missile Turret  
  46  4:23  SCV  
  47  4:25  Viking  
  47  4:28  Cyclone  
  52  4:46  Mag-Field Accelerator  
  52  4:47  SCV  
  53  4:54  Supply Depot  
  53  4:56  Command Center  
  53  5:16  Cyclone  
  53  5:20  Supply Depot x2  
  56  5:23  Supply Depot  
  56  5:27  Marine x2  
  58  5:34  SCV  
  59  5:37  Starport Reactor  
  59  5:45  Supply Depot  
  59  5:46  SCV  
  59  5:48  Armory  
  60  5:56  Siege Tank  
  63  5:58  SCV  
  64  6:09  Supply Depot  
  64  6:10  Refinery  
  64  6:11  SCV  
  65  6:12  Refinery  
  65  6:17  Orbital Command  
  65  6:23  SCV  
  66  6:30  Factory  
  66  6:39  SCV  
  67  6:41  Terran Vehicle Weapons Level 1  
  67  6:45  SCV  
  68  6:49  Missile Turret  
  68  6:51  SCV, Viking  
  71  6:54  Viking  
  71  6:57  SCV  
  74  7:07  Siege Tank  
  77  7:10  SCV  
  77  7:15  Hellion  
  80  7:17  Sensor Tower  
  80  7:18  Hellion  
  80  7:21  SCV  
  83  7:23  SCV  
  84  7:32  Infernal Pre-Igniter  
  84  7:33  SCV  
  84  7:36  Hellion  
  87  7:39  Hellion  
  89  7:52  Viking x2  
  89  7:54  SCV x2  
  89  7:55  Factory  
  95  8:03  Hellion x2  
  99  8:06  SCV  
Show
View Real Time Build Order
Export as new Build Order

ALexN Terran 

Build Orders: 1/1/1, Liberator Opening 

Get SALT Encoding   

  12  0:03  SCV  
  13  0:19  Supply Depot  
  13  0:21  Refinery  
  13  0:33  SCV  
  14  0:42  Barracks  
  14  0:45  SCV  
  15  0:53  Refinery  
  15  0:57  SCV  
  16  1:12  SCV  
  16  1:14  Supply Depot  
  17  1:24  SCV  
  18  1:34  Factory  
  18  1:38  Reaper  
  19  1:47  SCV  
  20  2:02  SCV  
  21  2:11  Barracks Reactor  
  21  2:20  Starport  
  21  2:21  Factory Tech Lab  
  21  2:24  SCV  
  22  2:33  Supply Depot  
  22  2:36  SCV  
  22  3:03  Starport Reactor  
  22  3:11  Marine  
  22  3:12  Marine  
  24  3:15  Command Center  
  24  3:24  Siege Tank, Liberator  
  27  3:32  Liberator  
  27  3:34  Marine x2  
  35  4:10  Marine x2  
  37  4:20  Barracks  
  36  5:10  Barracks Reactor  
  36  5:13  Barracks  
  36  5:19  Engineering Bay  
  36  5:22  Siege Tank  
  39  5:34  SCV  
  40  5:39  Medivac x2  
  44  5:47  SCV  
  45  6:01  Barracks Reactor  
  45  6:07  Engineering Bay  
  45  6:16  Missile Turret  
  45  6:24  Orbital Command x2  
  45  6:45  Siege Tank  
  48  6:52  Barracks  
  49  6:54  SCV x2  
  49  6:59  Missile Turret  
  50  7:01  Terran Infantry Weapons Level 1  
  50  7:03  Terran Infantry Armor Level 1  
  50  7:06  SCV  
  50  7:08  Medivac  
  53  7:16  Supply Depot  
  53  7:18  Siege Tank, Marine x5  
  61  7:27  Marine  
  62  7:37  Marine x2  
  54  7:45  Marine x3  
  57  7:53  SCV x2, Missile Turret  
  59  8:02  Refinery  
  59  8:05  SCV x2  
  61  8:07  Missile Turret  
  61  8:15  Barracks Tech Lab  
  61  8:26  Viking  
  50  8:53  Marine x4  
  50  8:54  Marine x2  
Tags
 
Add a new tag
Caveats
  • Supply blocks, unpowered buildings, or Contaminate may cause inaccurate times.
  • Supply counts are checked every 10 seconds.